 Dungeon Crawl Stone Soup version 0.28-a0-1143-gcf6077d4cc (webtiles) character file.

Game seed: 9656371988453070353

1353 mcbry74 the Destroyer (level 8, -4/57 HPs)
             Began as a White Draconian Conjurer on Dec 13, 2021.
             Was a Believer of Vehumet.
             Slain by a shadow (24 damage)
             ... on level 6 of the Dungeon.
             The game lasted 00:39:31 (7090 turns).

mcbry74 the Destroyer (White Draconian Conjurer)    Turns: 7090, Time: 00:39:31

Health: -4/57      AC:  6    Str: 10    XL:     8   Next: 36%
Magic:  8/11       EV: 12    Int: 20    God:    Vehumet [**....]
Gold:   511        SH:  0    Dex: 10    Spells: 8/11 levels left

rFire   . . .      SeeInvis .   e - +4 dagger
rCold   + . .      Faith    .   (no shield)
rNeg    + . .      Spirit   .   (armour unavailable)
rPois   .          Reflect  .   (helmet restricted)
rElec   .          Harm     .   (no cloak)
rCorr   .          Rampage  .   (no gloves)
Will    .....                   (no boots)
Stlth   ++........              m - amulet of regeneration
HPRegen 0.99/turn               l - ring of positive energy
MPRegen 0.12/turn               (no ring)

@: no status effects
A: breathe frost, AC +6, unfitting armour, cold resistance 1, cold-blooded
a: Breathe Frost, Renounce Religion


You were on level 6 of the Dungeon.
You worshipped Vehumet.
Vehumet was pleased with you.
You visited 1 branch of the dungeon, and saw 6 of its levels.
You also visited: Ossuary.

You collected 511 gold pieces.

Inventory:

Hand Weapons
 e - a +4 dagger (weapon)
Missiles
 a - 76 sling bullets
 i - 109 stones
 j - 82 arrows
 n - 10 boomerangs
 s - 29 poisoned darts
 z - 9 bolts
Magical Staves
 h - a staff of poison
 o - a staff of earth
Jewellery
 l - a ring of positive energy (left hand)
 m - an amulet of regeneration (around neck)
 J - an amulet of faith
Wands
 G - a wand of polymorph (11)
 H - a wand of digging (5)
 I - a wand of iceblast (5)
Scrolls
 b - 2 scrolls of fog
 c - 3 scrolls of identify
 d - a scroll of magic mapping
 q - 2 scrolls of torment {unknown}
 r - 4 scrolls of enchant armour {unknown}
 v - 2 scrolls of amnesia {unknown}
 w - 4 scrolls of teleportation {unknown}
 x - a scroll of noise {unknown}
 y - 4 scrolls of enchant weapon {unknown}
 F - 2 scrolls of brand weapon {unknown}
Potions
 f - 2 potions of ambrosia {unknown}
 g - a potion of lignification {unknown}
 k - a potion of flight {unknown}
 p - 2 potions of haste {unknown}
 t - a potion of magic {unknown}
 u - 2 potions of cancellation {unknown}
 A - a potion of brilliance {unknown}
 B - 2 potions of resistance {unknown}
 C - 2 potions of might {unknown}
 D - 2 potions of heal wounds {unknown}
 E - a potion of degeneration {unknown}


   Skills:
 + Level 5.1 Staves
 - Level 1.7 Dodging
 - Level 1.7 Stealth
 - Level 2.0 Spellcasting
 * Level 9.0 Conjurations
 + Level 2.3 Ice Magic
 + Level 1.9 Air Magic
 + Level 1.2 Evocations


You had 8 spell levels left.
You knew the following spells:

 Your Spells              Type           Power      Damage    Failure   Level
a - Magic Dart            Conj           100%       1d8       1%          1
b - Searing Ray           Conj           76%        2d7       1%          2

Your spell library contained the following spells:

 Spells                   Type           Power      Damage    Failure   Level
 Poisonous Vapours        Pois/Air       10%        N/A       16%         2
 Shock                    Conj/Air       92%        1d8       1%          1
 Dazzling Flash           Conj/Hex       40%        N/A       8%          3
 Swiftness                Air            9%         N/A       22%         3
 Fulminant Prism          Conj/Hex       10%        3d9       24%         4
 Iskenderun's Mystic Bla  Conj/Tloc      20%        2d6       24%         4
 Gell's Gravitas          Tloc           2%         N/A       43%         3
 Lesser Beckoning         Tloc           2%         N/A       43%         3
 Teleport Other           Tloc           2%         N/A       43%         3
 Airstrike                Air            4%         N/A       56%         4


Dungeon Overview and Level Annotations

Branches:
Dungeon (6/15)             Temple (0/1) D:4         Ossuary (visited)

Altars:
Ashenzari
Dithmenos
Sif Muna
Vehumet
The Shining One

Shops:
D:3 =   D:5 :

Annotations:
D:3 Grinder


Innate Abilities, Weirdness & Mutations

You can breathe waves of freezing cold which knock back foes.
Your icy white scales are hard. (AC +6)
You cannot fit into any form of body armour.
Your flesh is cold resistant. (rC+)
You are cold-blooded and may be slowed by cold attacks.


Message History

You barely miss the shadow.
The shadow is lightly damaged.
The shadow slips into darkness.
The shadow flickers and vanishes!
Deactivating autopickup; reactivate with Ctrl-A.
You hit something.
The shadow strikes at you from the darkness!
Reactivating autopickup.
You barely miss the shadow.
The shadow is lightly damaged.
The shadow misses you.
You hit the shadow but do no damage.
The shadow is lightly damaged.
The shadow misses you.
You hit the shadow.
The shadow is lightly damaged.
The shadow hits you!
You hit the shadow but do no damage.
The shadow is lightly damaged.
The shadow barely misses you.
You closely miss the shadow.
Your tail-slap misses the shadow.
The shadow is lightly damaged.
The shadow barely misses you.
You hit the shadow but do no damage.
The shadow is lightly damaged.
The shadow hits you.
You hit the shadow.
The shadow is heavily damaged.
The shadow hits you.
You hit the shadow.
The shadow is heavily damaged.
The shadow hits you!
You hit the shadow but do no damage.
Your tail-slap misses the shadow.
The shadow is heavily damaged.
The shadow slips into darkness.
The shadow flickers and vanishes!
Deactivating autopickup; reactivate with Ctrl-A.
You hit something but do no damage.
The shadow strikes at you from the darkness!
You die...

.........## )..........
.........>.## ......#....
.............##.....# #...
.....................# ##..
............[.###....# ##..
..............# #..# #>..
..............# #..##...
..............# #......
..........@...# ##.....
...........{.## ##...#
............## #...#
..........### #....
............### ###)..
..............#### ##.....
.....##..........####....#.
##### ###>.............##..
####).......[.##...


There were no monsters in sight!

Vanquished Creatures
  A water moccasin (D:5)
  An orc warrior (D:6)
  A centaur (D:6)
  A necrophage (D:6)
  A kobold brigand (D:5)
  A bullfrog (D:5)
  A gnoll sergeant (D:5)
  2 scorpions (D:6)
  A bullfrog zombie (D:6)
  A hound (D:6)
  3 orc priests
  A jelly (D:4)
  A bullfrog skeleton (D:4)
  A centaur skeleton (D:5)
  2 iguanas
  An orc wizard (D:6)
  A hound zombie (D:5)
  8 mummies (Ossuary)
  5 adders
  10 gnolls
  A shadow imp (D:5)
  An ufetubus (D:4)
  A worm zombie (D:5)
  2 adder skeletons (D:4)
  A worm (D:5)
  2 dart slugs (D:2)
  14 orcs
  5 endoplasms
  3 giant cockroaches
  3 goblins
  6 hobgoblins
  4 jackals (D:1)
  14 kobolds
  4 ball pythons
  2 frilled lizards (D:3)
  3 gnoll zombies (Ossuary)
  2 goblin zombies (D:5)
  A hobgoblin zombie (Ossuary)
  A jackal zombie (D:5)
  4 orc zombies (Ossuary)
  A rat (D:1)
119 creatures vanquished.

Notes
Turn   | Place    | Note
-------+----------+-------------------------------------------
     0 | D:1      | mcbry74 the Draconian Conjurer began the quest for the Orb.
     0 | D:1      | Reached XP level 1. HP: 14/14 MP: 3/3
   909 | D:1      | Reached XP level 2. HP: 16/20 MP: 5/5
  1447 | D:2      | Learned a level 2 spell: Searing Ray
  1939 | D:2      | Found a faded altar of an unknown god.
  2091 | D:3      | Noticed Grinder
  2112 | D:3      | Reached skill level 5 in Conjurations
  2112 | D:3      | Reached XP level 3. HP: 26/26 MP: 2/6
  2268 | D:3      | Reached skill level 1 in Staves
  2449 | D:3      | Reached XP level 4. HP: 33/33 MP: 3/7
  2710 | D:3      | Found a radiant altar of Vehumet.
  2718 | D:3      | Became a worshipper of Vehumet
  2858 | D:3      | Found Rereun's Jewellery Boutique.
  3004 | D:4      | Reached XP level 5. HP: 38/38 MP: 0/8
  3176 | D:4      | Found a staircase to the Ecumenical Temple.
  3208 | D:4      | Reached skill level 6 in Conjurations
  3452 | D:4      | Found a glowing golden altar of the Shining One.
  4042 | D:5      | Entered Level 5 of the Dungeon
  4063 | D:5      | Found Lyebe's Book Shoppe.
  4083 | D:5      | Reached XP level 6. HP: 44/45 MP: 4/9
  4178 | D:5      | Found a shimmering blue altar of Sif Muna.
  4202 | D:5      | Found a sand-covered staircase.
  4211 | Ossuary  | Entered an ossuary
  4222 | Ossuary  | Reached * piety under Vehumet
  4222 | Ossuary  | Offered knowledge of Sandblast by Vehumet.
  4525 | Ossuary  | Reached skill level 7 in Conjurations
  5045 | D:5      | Your scales start taking on an icy white colour.
  5045 | D:5      | Reached XP level 7. HP: 50/50 MP: 0/10
  5045 | D:5      | Gained mutation: Your flesh is cold resistant. (rC+) [White
                  | Draconian growth]
  5737 | D:5      | Found a shadowy altar of Dithmenos.
  5826 | D:5      | Reached skill level 8 in Conjurations
  5936 | D:5      | Reached ** piety under Vehumet
  5937 | D:5      | Offered knowledge of Poisonous Vapours by Vehumet.
  6225 | D:6      | Reached skill level 1 in Ice Magic
  6292 | D:6      | Reached skill level 1 in Air Magic
  6292 | D:6      | Reached XP level 8. HP: 57/57 MP: 1/11
  6654 | D:6      | Found a broken altar of Ashenzari.
  6666 | D:6      | Reached skill level 5 in Staves
  6872 | D:6      | Reached skill level 1 in Evocations
  6914 | D:6      | Reached skill level 9 in Conjurations
  7090 | D:6      | Slain by a shadow

Illustrated notes

Levels and vault maps discovered:
D:1:      matt_arrival_diagonals, layout_loops_ring, roderic_roman_lattice
D:2:      layout_basic, hellmonk_ecumenical_altar_blasted
D:3:      layout_rooms, nicolae_vehumet_radiance, serial_shops, shop_statue,
          uniq_grinder
D:4:      layout_cave_pools, kennysheep_mini, temple_fountains
D:5:      layout_loops_cross, grunt_dithmenos_shadows,
          mainiacjoe_overflow_chevrons, enter_ossuary_3, serial_shops,
          nicolae_shop_waterfront, grunt_decor_fettered,
          amcnicky_mini_rare_corridor_liquid
D:6:      layout_cave_pods, cheibrodos_ashenzari_chains

Skill      XL: |  1  2  3  4  5  6  7  8 |
---------------+-------------------------+-----
Conjurations   | 5 6 7 8 9 |  9.0
Staves         | 1 2 3 4 5 |  5.1
Ice Magic      | 1 2 |  2.3
Air Magic      | 1 |  1.9
Evocations     | 1 |  1.2
Dodging        | |  1.7
Stealth        | |  1.7
Spellcasting   | |  2.0

Action                   |  1- 3 |  4- 6 |  7- 9 || total
-------------------------+-------+-------+-------++-------
Melee: Dagger            |    66 |    58 |    76 ||   200
       Unarmed           |    11 |       |       ||    11
       Tailslap          |     5 |     5 |    13 ||    23
       Staff             |       |       |    55 ||    55
 Cast: Magic Dart        |    24 |    77 |    47 ||   148
       Searing Ray       |     3 |    20 |    15 ||    38
 Abil: Breathe Frost     |       |       |     4 ||     4
  Use: Scroll            |       |     3 |       ||     3
       Potion            |       |       |     1 ||     1
 Stab: Sleeping          |     4 |       |       ||     4
Armor: Skin              |    12 |    29 |    56 ||    97
Dodge: Dodged            |    47 |    58 |    56 ||   161

Table legend: (Time is in decaauts)
 A = Elapsed time spent in this place.
 B = Non-inter-level travel time spent in this place.
 C = Inter-level travel time spent in this place.
 D = Time resting spent in this place.
 E = Time spent auto-exploring this place.
 F = Levels seen in this place.
 G = Mean time per level.
                   A        B        C        D        E       F      G
               +--------+--------+--------+--------+--------+-----+--------+
         Total |   7093 |   6902 |    191 |   2263 |   2735 |   7 | 1013.3 |
       Dungeon |   6548 |   6357 |    191 |   2009 |   2729 |   6 | 1091.3 |
       Ossuary |    544 |    544 |      0 |    254 |      6 |   1 |  544.0 |
               +--------+--------+--------+--------+--------+-----+--------+

Top non-repeatable levels by time:
     D:5: 1642 daAuts
     D:1: 1174 daAuts
     D:4: 1105 daAuts
     D:2: 1030 daAuts
     D:6: 830 daAuts
     D:3: 766 daAuts
 Ossuary: 544 daAuts
